AoeStats
← 76561199038204523

Four Lakes

507970762Analyzed
1v1 RM · 11d ago on Sep 20, 2026· 33m 59s· 2 players
Game mode
Random Map
Map size
Tiny (2 player)
Population
200
Speed
Normal
Resources
Standard
Victory
Conquest
Starting age
Dark Age
Ending age
Imperial Age
RankedLock teamsTeams togetherTeam positionsShared explorationLock speedFull tech treeHidden civsTurbo modeCheats
Victory
Defeat
🇦🇷 Lithuanians · Argentina
492
+19
🇫🇷 Britons · France
551
-19
Conde De La Fere
9:09 Loom
11:06 Feudal Age
12:32 Double-Bit Axe
18:56 Wheelbarrow
18:54 Fletching
19:50 Scale Barding Armor
19:57 Forging
24:41 Castle Age
23:10 Padded Archer Armor
23:55 Gold Mining
23:55 Stone Mining
24:44 Elite Skirmisher
26:02 Bodkin Arrow
26:23 Leather Archer Armor
33:26 Chain Barding Armor
33:42 Iron Casting
33:23 Bloodlines
76561199038204523
11:52 Feudal Age
12:46 Double-Bit Axe
12:45 Horse Collar
24:37 Gold Mining
24:39 Stone Mining
26:54 Castle Age
25:22 Scale Mail Armor
25:33 Forging
26:04 Man-at-Arms
31:01 Bow Saw
31:05 Heavy Plow
30:36 Long Swordsman
32:01 Iron Casting
31:42 Chain Mail Armor
31:28 Padded Archer Armor
31:18 Fletching
34:30 Gold Shaft Mining
Connection lost

Rejoining the realm…

Still unreachable

The connection could not be restored.

Session expired

The server has moved on; the page needs a fresh start.